 Dungeon Crawl Stone Soup version 0.32-a0-132-g2d33c3cfaf (webtiles) character file.

Game seed: 15229350308041949987

814 Ceno the Changeling (level 7, -3/48 HPs)
             Began as an Octopode Shapeshifter on Feb 10, 2024.
             Slain by a centaur
             ... wielding a +0 spear
              (6 damage)
             ... on level 6 of the Dungeon.
             The game lasted 00:09:56 (4673 turns).

Ceno the Changeling (Octopode Shapeshifter)         Turns: 4673, Time: 00:09:57

Health: -3/48      AC:  1    Str: 14    XL:     7   Next: 93%
Magic:  16/16      EV: 13    Int: 12    God:
Gold:   198        SH:  0    Dex: 13    Spells: 6/6 levels left

rFire   . .          .
                       - Unarmed
rCold   . . .        (no shield)
rNeg    . . .        (helmet currently unavailable)
rPois   .            (no amulet)
rElec   .            f - ring of magical power
rCorr   .            n - +4 ring of slaying
SInv    .            (no ring)
Will    .....        (no ring)
Stlth   ++           (no ring)
HPRegen 0.28/turn    (no ring)
MPRegen 0.15/turn    (no ring)
                     (no ring)

%: no passive effects
@: beast-form
A: beast (slay +3), almost no armour, amphibious, 8 rings, camouflage 1,
gelatinous body 1, (nimble swimmer 1), tentacles
a: Begin Untransformation


You were on level 6 of the Dungeon.
You were a hulking beast.
You visited 1 branch of the dungeon, and saw 6 of its levels.

You collected 198 gold pieces.

Inventory:

Missiles
 e - 64 stones (quivered)
 m - 8 poisoned darts
Jewellery
 f - a ring of magical power (left tentacle)
 k - an amulet of magic regeneration
 n - a +4 ring of slaying (right tentacle)
Talismans
 b - a beast talisman
 c - a flux talisman
 q - a serpent talisman
Wands
 s - a wand of charming (17)
Scrolls
 g - a scroll of amnesia
 j - a scroll of blinking {unknown}
 p - a scroll of enchant armour {unknown}
 u - a scroll of immolation {unknown}
Potions
 a - a potion of lignification
 d - 2 potions of heal wounds
 h - 3 potions of might
 i - a potion of attraction
 l - 2 potions of cancellation
 o - a potion of resistance {unknown}
 r - a potion of brilliance {unknown}
 t - a potion of berserk rage {unknown}
 v - a potion of curing {unknown}


   Skills:
 + Level 4.3 Fighting
 - Level 2.0 Dodging
 + Level 5.1 Unarmed Combat
 * Level 6.3 Shapeshifting


You had 6 spell levels left.
You didn't know any spells.
Your spell library contained the following spells:

 Spells                   Type           Power      Damage    Failure   Level
 Apportation              Tloc           0%         N/A       32%         1
 Necrotise                Necr           0%         1d4       32%         1
 Sting                    Conj/Alch      0%         1d3       32%         1
 Summon Small Mammal      Summ           0%         N/A       32%         1
 Call Imp                 Summ           0%         N/A       45%         2
 Sublimation of Blood     Necr           0%         N/A       45%         2
 Vampiric Draining        Necr           0%         2d6       69%         3
 Martyr's Knell           Necr/Summ      0%         N/A       97%         4
 Curse of Agony           Necr           0%         N/A       100%        5
 Summon Hydra             Summ           0%         N/A       100%        7


Dungeon Overview and Level Annotations

Branches:
Dungeon (6/15)
 Temple: D:4-7

Altars:
Ashenzari

Annotations:
D:2 Terence
D:4 exclusion: black bear
D:5 Ijyb


Innate Abilities, Weirdness & Mutations

You are a hulking beast.
Your limbs bulge with bestial killing power. (Slay +3)
You cannot wear most types of armour.
You are amphibious.
You can wear up to eight rings at the same time.
Your skin changes colour to match your surroundings (Stealth+).
Your rubbery body absorbs attacks. (AC +1, EV +1)
((You are camouflaged when in or above water. (Stealth+)))
You have tentacles for arms and can constrict up to eight enemies at once.


Message History

You feel sick. The orc misses you.
You bludgeon the orc!
You kill the orc!
You feel sick.
You feel sick.
There is a stone staircase leading up here.
You start resting.
You feel sick. x5
You are no longer poisoned.
You start resting.
A centaur comes into view. It is wielding a +0 spear.
A centaur is nearby!
You climb upwards.
Level annotation: Ijyb
There is a stone staircase leading down here.
You start resting.
HP restored.
You climb downwards.
The centaur shouts!
The centaur unwields a +0 spear.
The centaur wields a +0 orcbow.
The centaur shoots an arrow.
The arrow hits you!
The centaur shoots an arrow.
The arrow closely misses you.
There is a stone staircase leading up, spattered with blood here.
The centaur shoots an arrow.
The arrow barely misses you.
The centaur shoots an arrow.
The arrow closely misses you.
You climb upwards.
Level annotation: Ijyb
There is a stone staircase leading down here.
You start resting.
HP restored.
You climb downwards.
The centaur shoots an arrow.
The arrow hits you!
There is a stone staircase leading up, spattered with blood here.
The centaur shoots an arrow.
The arrow hits you!
The centaur shoots an arrow.
The arrow hits you!
* * * LOW HITPOINT WARNING * * *
The centaur shoots an arrow.
The arrow hits you!
* * * LOW HITPOINT WARNING * * *
Items here: )) [ †.
The centaur unwields a +0 orcbow.
The centaur wields a +0 spear.
The centaur hits you with a +0 spear.
You die...

. #### .
.[.#######...#
.........)[....####
.....###.[.<.......
#.....ch..####.####
....####.## # . #.#
#.# #.# ... #.# ..#


You could see a centaur.

Vanquished Creatures
  An ogre (D:4)
  A black bear (D:5)
  A phantom (D:4)
  A howler monkey (D:5)
  2 bombardier beetles (D:4)
  A hound (D:4)
  3 orc priests
  3 iguanas
  2 orc wizards
  Natasha (thrice) (D:2)
  5 adders
  2 dart slugs
  A ribbon worm (D:2)
  14 orcs
  8 endoplasms
  9 goblins
  5 hobgoblins
  4 quokkas
  7 ball pythons
  4 bats
  2 frilled lizards
  8 kobolds
  2 rats
89 creatures vanquished.

Notes
Turn   | Place    | Note
-------+----------+-------------------------------------------
     0 | D:1      | Ceno the Octopode Shapeshifter began the quest for the Orb.
     0 | D:1      | Reached XP level 1. HP: 13/13 MP: 1/1
   139 | D:1      | Found a faded altar of an unknown god.
   327 | D:1      | Reached XP level 2. HP: 14/18 MP: 2/2
  1086 | D:2      | Reached XP level 3. HP: 23/23 MP: 3/3
  1402 | D:2      | Noticed Natasha
  1409 | D:2      | Killed Natasha
  1486 | D:2      | Noticed Terence
  1547 | D:2      | Noticed Natasha
  1556 | D:2      | Killed Natasha
  1557 | D:2      | Reached skill level 4 in Shapeshifting
  1557 | D:2      | Reached XP level 4. HP: 16/29 MP: 4/4
  1637 | D:2      | Noticed Natasha
  1644 | D:2      | Killed Natasha
  2083 | D:3      | Reached XP level 5. HP: 35/35 MP: 5/5
  2132 | D:3      | Found a broken altar of Ashenzari.
  2248 | D:3      | You fall into a shaft and drop 1 floor!
  3153 | D:4      | Noticed a black bear
  3203 | D:4      | Reached XP level 6. HP: 41/41 MP: 6/6
  3336 | D:4      | Reached skill level 5 in Shapeshifting
  3508 | D:4      | Reached XP level 7. HP: 37/46 MP: 7/7
  4092 | D:5      | Entered Level 5 of the Dungeon
  4273 | D:5      | Reached skill level 5 in Unarmed Combat
  4273 | D:5      | Reached skill level 6 in Shapeshifting
  4429 | D:5      | Noticed Ijyb
  4673 | D:6      | Slain by a centaur

Illustrated notes

Levels and vault maps discovered:
D:1:      evilmike_arrival_hilbert_curve, layout_basic, basic_ecumenical_altar
D:2:      layout_basic, uniq_terence, uniq_natasha
D:3:      layout_basic, mainiacjoe_overflow_chevrons
D:4:      layout_loops_corners, kennysheep_generic_room_2
D:5:      gammafunk_cloud_chamber, layout_loops_cross, st_stairs_4, uniq_ijyb
D:6:      layout_loops_ring, nicolae_overflow_hidden_temple,
          minmay_temple_entry_statues_fountains, serial_shops,
          nicolae_shop_rolling_square, patterned_corridor, uniq_maggie

Skill      XL: |  1  2  3  4  5  6  7 |
---------------+----------------------+-----
Fighting       | 2 3 4 |  4.3
Shapeshifting  | 4 5 6 |  6.3
Unarmed Combat | 4 5 |  5.1
Dodging        | |  2.0

Action                     |  1- 3 |  4- 6 |  7- 9 || total
---------------------------+-------+-------+-------++-------
  Melee: Unarmed           |    55 |    68 |    41 ||   164
         Tentacles         |     8 |    19 |     7 ||    34
         Constrict         |    13 |    20 |    11 ||    44
         Punch             |     1 |     5 |     2 ||     8
  Throw: Stone             |     2 |     3 |       ||     5
         Dart              |       |       |     4 ||     4
    Use: Scroll            |       |     4 |     1 ||     5
         Potion            |       |       |     1 ||     1
   Stab: Sleeping          |     5 |     5 |     4 ||    14
         Distracted        |       |     1 |       ||     1
 Armour: Skin              |    18 |    19 |    23 ||    60
  Dodge: Dodged            |    18 |    23 |    16 ||    57

Table legend: (Time is in decaauts)
 A = Elapsed time spent in this place.
 B = Non-inter-level travel time spent in this place.
 C = Inter-level travel time spent in this place.
 D = Time resting spent in this place.
 E = Time spent auto-exploring this place.
 F = Levels seen in this place.
 G = Mean time per level.
                   A        B        C        D        E       F      G
               +--------+--------+--------+--------+--------+-----+--------+
         Total |   4667 |   4535 |    132 |    278 |   3273 |   6 |  777.8 |
       Dungeon |   4667 |   4535 |    132 |    278 |   3273 |   6 |  777.8 |
               +--------+--------+--------+--------+--------+-----+--------+

Top non-repeatable levels by time:
     D:4: 1163 daAuts
     D:2: 1027 daAuts
     D:3: 990 daAuts
     D:1: 905 daAuts
     D:5: 551 daAuts
     D:6: 29 daAuts
